 Dungeon Crawl Stone Soup version 0.32-a0-837-g8d3e27d251 (webtiles) character file.

Game seed: 5225595392865707972

67 Essalna the Firebug (level 4, 32/32 HPs)
             Began as a Demonspawn Fire Elementalist on Mar 26, 2024.
             Got out of the dungeon alive.
             The game lasted 00:03:20 (2560 turns).

Essalna the Firebug (Demonspawn Fire Elementalist)  Turns: 2560, Time: 00:03:20

Health: 32/32      AC:  3    Str:  8    XL:     4   Next: 0%
Magic:  5/7        EV: 11    Int: 18    God:
Gold:   51         SH:  0    Dex: 13    Spells: 7/8 levels left

rFire   . . .        n - +0 dagger (protect)
rCold   . . .        (no shield)
rNeg    . . .        a - +0 robe
rPois   .            (no helmet)
rElec   .            (no cloak)
rCorr   .            (no gloves)
SInv    .            g - +0 pair of boots
Will    .....        k - amulet of the acrobat
Stlth   ++           (no ring)
HPRegen 0.25/turn    (no ring)
MPRegen 0.10/turn

%: acrobat
@: no status effects
A: spiny 1, weakness stinger 1
a: no special abilities


You escaped.
You visited 1 branch of the dungeon, and saw 2 of its levels.

You collected 51 gold pieces.

Inventory:

Hand Weapons
 n - a +0 dagger of protection (weapon)
Armour
 a - a +0 robe (worn)
 g - a +0 pair of boots (worn)
Jewellery
 k - an amulet of the acrobat (around neck)
Scrolls
 d - a scroll of enchant armour {unknown}
 e - a scroll of immolation {unknown}
 f - a scroll of identify {unknown}
 i - a scroll of enchant weapon {unknown}
 j - a scroll of amnesia {unknown}
 l - a scroll of acquirement {unknown}
 m - a scroll of silence {unknown}
Potions
 b - a potion of magic
 c - 2 potions of curing {unknown}
 h - a potion of degeneration {unknown}


   Skills:
 + Level 1.5 Fighting
 - Level 1.7 Dodging
 - Level 1.7 Stealth
 + Level 2.6 Spellcasting
 + Level 2.0 Conjurations
 + Level 3.2 Fire Magic


You had 7 spell levels left.
You knew the following spells:

 Your Spells              Type           Power      Damage    Failure   Level
a - Foxfire               Conj/Fire      44%        2x1d6     6%          1

Your spell library contained the following spells:

 Spells                   Type           Power      Damage    Failure   Level
 Scorch                   Fire           28%        2d6       7%          2
 Inner Flame              Hex/Fire       8%         N/A       26%         3
 Volatile Blastmotes      Fire/Tloc      16%        2d11      26%         3
 Flame Wave               Conj/Fire      11%        2d6       50%         4


Dungeon Overview and Level Annotations

Branches:
Dungeon (2/15)

Altars:


Innate Abilities, Weirdness & Mutations

You are partially covered in sharp spines.
You have a small tail.


Message History

You conjure some foxfire!
You conjure some foxfire!
There is not enough space to conjure foxfire!
The foxfire hits the goblin.
The goblin is severely wounded.
The goblin shouts!
The foxfire hits the goblin but does no damage.
The goblin is severely wounded.
The goblin completely misses you.
A goblin is nearby!
You conjure some foxfire!
The goblin barely misses you.
You miss the goblin.
The goblin is heavily wounded.
The foxfire hits the goblin but does no damage.
The goblin is heavily wounded.
The goblin closely misses you.
You conjure some foxfire!
The goblin hits you with a +0 dagger of protection.
Attack: -) Nothing wielded
Press: ? - help, Dir - move target, f - goblin
Aim: a goblin, wielding a +0 dagger of protection (heavily wounded, ally target, about 45% to evade your hands)
You hit the goblin but do no damage.
The goblin is heavily wounded.
The foxfire hits the goblin but does no damage.
The goblin is heavily wounded.
The goblin is struck by your spines.
You kill the goblin!
You have reached level 4!
You feel clever.
Your demonic ancestry asserts itself...
You grow a small tail.
Things that are here:
a +0 dagger of protection; a goblin corpse Your +0 dagger of protection hums with potential!
n - a +0 dagger of protection (weapon)
There is a stone staircase leading up here.
You climb upwards.
There is a stone staircase leading down here.
There is an open door here.
There is a staircase leading out of the dungeon here.
You have escaped!

........###........###.#.#......#
.####.#.[....####.## ####...#....
####.#..##.### #.# ##...##....
.##.###.##.# ###.## ##...###....
.#.## ##.#.# #....###...## #....
.##.###.##.# #.....#...## #...#
.....#..#######........## #....
.##รท....###>..'........#########.
.#........#####.@................
...#.###### #.........#########
.#...# ########################
###..# #....# #.##>... ##.# #.####
#.###### #.#####.# ####.#
####.......# #....# .......###.#
#.#### ######.# #.# #.#


There were no monsters in sight!

Vanquished Creatures
  2 adders (D:2)
  4 dart slugs
  8 endoplasms
  A giant cockroach (D:2)
  3 hobgoblins
  4 quokkas
  6 ball pythons
  3 bats
  A frilled lizard (D:1)
  3 goblins (D:2)
  A kobold (D:1)
  4 rats
40 creatures vanquished.

Vanquished Creatures (others)
  153 foxfires
153 creatures vanquished.

Grand Total: 193 creatures vanquished

Notes
Turn   | Place    | Note
-------+----------+-------------------------------------------
     0 | D:1      | Essalna the Demonspawn Fire Elementalist began the quest
                  | for the Orb.
     0 | D:1      | Reached XP level 1. HP: 13/13 MP: 3/3
   326 | D:1      | Gained mutation: You are partially covered in sharp spines.
                  | [demonic ancestry]
   326 | D:1      | Reached XP level 2. HP: 20/20 MP: 0/5
   762 | D:1      | Reached skill level 1 in Fighting
  1138 | D:1      | Reached skill level 3 in Fire Magic
  1433 | D:2      | Reached XP level 3. HP: 26/26 MP: 2/6
  2536 | D:2      | Gained mutation: You have a small tail. [demonic ancestry]
  2536 | D:2      | Reached XP level 4. HP: 29/32 MP: 2/7
  2560 | D:$      | Got out of the dungeon alive.

Illustrated notes

Levels and vault maps discovered:
D:1:      elethiomel_arrival_shortcut, layout_loops_ring, patterned_corridor
D:2:      layout_loops_ring, hellmonk_ecumenical_altar_heavens_door

Skill      XL: |  1  2  3 |
---------------+----------+-----
Fighting       | 1 |  1.5
Fire Magic     | 3 |  3.2
Conjurations   | 2 |  2.0
Dodging        | |  1.7
Stealth        | |  1.7
Spellcasting   | |  2.6

Action                     |  1- 3 |  4- 6 || total
---------------------------+-------+-------++-------
  Melee: Unarmed           |    29 |       ||    29
         Punch             |     1 |       ||     1
   Cast: Foxfire           |   111 |       ||   111
   Stab: Sleeping          |     1 |       ||     1
 Armour: Robe              |    20 |       ||    20
  Dodge: Dodged            |    17 |       ||    17

Table legend: (Time is in decaauts)
 A = Elapsed time spent in this place.
 B = Non-inter-level travel time spent in this place.
 C = Inter-level travel time spent in this place.
 D = Time resting spent in this place.
 E = Time spent auto-exploring this place.
 F = Levels seen in this place.
 G = Mean time per level.
                   A        B        C        D        E       F      G
               +--------+--------+--------+--------+--------+-----+--------+
         Total |   2560 |   2504 |     56 |      0 |   2206 |   2 | 1280.0 |
       Dungeon |   2560 |   2504 |     56 |      0 |   2206 |   2 | 1280.0 |
               +--------+--------+--------+--------+--------+-----+--------+

Top non-repeatable levels by time:
     D:1: 1468 daAuts
     D:2: 1092 daAuts
